 Dungeon Crawl Stone Soup version 0.30-a0-857-gcaf70739d4 (webtiles) character file.

Game seed: 13462552944507450160

27038 belt the Warrior (level 13, -3/112 HPs)
             Began as a Djinni Fire Elementalist on Mar 5, 2023.
             Was a High Priest of Makhleb.
             Killed from afar by Jorgrun (19 damage)
             ... with a blast of rock fragments
             ... on level 14 of the Dungeon on Mar 6, 2023.
             The game lasted 01:10:03 (19244 turns).

belt the Warrior (Djinni Fire Elementalist)        Turns: 19244, Time: 01:10:04

Health: -3/112     AC: 10    Str:  7    XL:     13   Next: 62%
Gold:   1177       EV: 12    Int: 34    God:    Makhleb [*****.] SH:  0 Dex: 14

rFire   + + +      SeeInvis .    t - +8 dagger "Xiguem" {heavy, rF+ Will+}
rCold   x . .      Faith    .    (no shield)
rNeg    . . .      Spirit   .    H - +1 troll leather armour
rPois   ∞          Reflect  .    o - +0 helmet
rElec   .          Rampage  .    (no cloak)
rCorr   .                        S - +2 pair of gloves
Will    ++...                    (boots unavailable)
Stlth   +++                      (no amulet)
HPRegen 1.18/turn                E - +6 ring of intelligence
MPRegen 0.00/turn                K - +6 ring of intelligence

@: marked, flying
A: sickness immunity, fire resistance 2, cold vulnerability 1, float, innate
caster, HP casting, extra vitality 1
a: Renounce Religion, Minor Destruction, Lesser Servant of Makhleb, Major
Destruction, Greater Servant of Makhleb


You were on level 14 of the Dungeon.
You worshipped Makhleb.
Makhleb was extremely pleased with you.
You visited 2 branches of the dungeon, and saw 15 of its levels.
You also visited: Sewer and Ossuary.

You collected 1177 gold pieces.

Inventory:

Hand Weapons
 t - the +8 dagger "Xiguem" (weapon) {heavy, rF+ Will+}
   (You found it on level 3 of the Dungeon)

   rF:        It protects you from fire.
   Will:      It increases your willpower.
Armour
 o - a +0 helmet (worn)
 G - a +2 robe of positive energy
 H - a +1 troll leather armour (worn)
 S - a +2 pair of gloves (worn)
Jewellery
 y - a ring of ice
 E - a +6 ring of intelligence (left hand)
 J - a +6 ring of strength
 K - a +6 ring of intelligence (right hand)
 P - a ring of willpower
 R - a ring of see invisible
Wands
 g - a wand of mindburst (2)
 n - a wand of roots (35)
 F - a wand of flame (14)
 L - a wand of paralysis (13)
Scrolls
 a - a scroll of brand weapon
 c - 3 scrolls of enchant weapon
 i - 2 scrolls of fog
 k - 4 scrolls of poison
 l - 7 scrolls of vulnerability
 m - 7 scrolls of teleportation
 q - a scroll of torment
 s - a scroll of immolation
 u - 8 scrolls of magic mapping
 C - a scroll of summoning {unknown}
 M - a scroll of acquirement {unknown}
Potions
 b - 4 potions of mutation
 e - 4 potions of ambrosia
 f - a potion of experience {unknown}
 h - 2 potions of flight
 j - 7 potions of curing
 p - a potion of berserk rage
 v - a potion of might {unknown}
 w - 2 potions of haste {unknown}
 x - 3 potions of invisibility {unknown}
 z - a potion of magic {unknown}
 A - 7 potions of lignification
 D - a potion of brilliance {unknown}
 I - 4 potions of degeneration {unknown}
Miscellaneous
 O - a lightning rod (4/4)
 Q - a phantom mirror


   Skills:
 + Level 17.0 Fighting
 - Level 6.0 Armour
 - Level 4.0 Dodging
 - Level 5.0 Stealth
 - Level 8.0 Spellcasting
 - Level 5.0 Invocations


You knew the following spells:

 Your Spells              Type           Power      Damage    Failure   Level
a - Foxfire               Conj/Fire      100%       2x1d9     1%          1
b - Scorch                Fire           100%       2d10      1%          2
c - Kindle Blastsparks    Fire/Tloc/Air  100%       2d18      1%          3
d - Inner Flame           Hex/Fire       61%        N/A       1%          3
e - Flame Wave            Conj/Fire      61%        2d14      1%          4
f - Sting                 Tmut/Pois      100%       1d8       1%          1
g - Momentum Strike       Conj/Tloc      100%       3d10      1%          2
h - Ignite Poison         Fire/Tmut/Pois 61%        N/A       1%          3
i - Teleport Other        Tloc           61%        N/A       1%          3
j - Summon Forest         Summ/Tloc      30%        N/A       4%          5
k - Summon Mana Viper     Hex/Summ       61%        N/A       4%          5
Your spell library was empty.

Dungeon Overview and Level Annotations

Branches:
Dungeon (14/15)            Temple (1/1) D:7            Lair (0/5) D:9
    Orc (0/2) D:11         Vaults (0/5) D:13          Sewer (visited)
Ossuary (visited)

Altars:
Ashenzari
Cheibriados
Dithmenos
Elyvilon
Fedhas
Gozag
Hepliaklqana
Makhleb
Nemelex Xobeh
Okawaru
Qazlal
Ru
Trog
Uskayaw
Wu Jian
Xom
Yredelemnul
Zin
The Shining One

Annotations:
D:5 1 runed translucent door, exclusion: door, Crazy Yiuf
D:6 Maggie
D:8 Erica
D:10 2 runed translucent doors, exclusion: 2 doors, Tollund's ghost, journeyman KoSu
D:14 Jorgrun


Innate Abilities, Weirdness & Mutations

You are immune to sickness and miasma.
You are immune to poison.
Your flesh is very heat resistant. (rF++)
You are vulnerable to cold. (rC-)
You float through the air rather than walking.
You learn spells naturally, not from books.
Your magical power is your life essence.
You have superior vitality. (+4 MHP)


Message History

The centaur warrior shoots an arrow.
The arrow hits you!
* * * LOW HITPOINT WARNING * * *
You take 17 damage, and have 33/112 hp.
Okay, then.
As you read the scroll of fog, it crumbles to dust.
The scroll dissolves into smoke.
Some rock shatters into small pieces.
You regained 2 hp, and now have 36/112 hp.
Aiming: Teleport Other (safe; 1% risk of failure)
Press: ? - help, Shift-Dir - straight line, f/p - centaur warrior
Aim: a centaur warrior, wielding a +0 shortbow (purple smoke, inner flame, chance to affect: 71%)
The centaur warrior struggles to resist.
* * * LOW HITPOINT WARNING * * *
You take 2 damage, and have 34/112 hp.
The centaur warrior shoots an arrow.
The arrow hits you!
* * * LOW HITPOINT WARNING * * *
The centaur warrior shoots an arrow.
The arrow hits you.
* * * LOW HITPOINT WARNING * * *
Some rock shatters into small pieces.
You take 10 damage, and have 24/112 hp.
Aiming: Teleport Other (safe; 1% risk of failure)
Press: ? - help, Shift-Dir - straight line, f/p - centaur warrior
Aim: a centaur warrior, wielding a +0 shortbow (purple smoke, inner flame, chance to affect: 71%)
Okay, then.
Aiming: Teleport Other (safe; 1% risk of failure)
Press: ? - help, Shift-Dir - straight line, f/p - centaur warrior
Aim: a centaur warrior, wielding a +0 shortbow (purple smoke, inner flame, chance to affect: 71%)
The centaur warrior looks slightly unstable.
* * * LOW HITPOINT WARNING * * *
The centaur warrior shoots an arrow.
The arrow closely misses you.
The centaur warrior shoots an arrow.
The arrow hits you!
* * * LOW HITPOINT WARNING * * *
You take 10 damage, and have 15/112 hp.
As you read the scroll of fear, it crumbles to dust.
You assume a fearsome visage.
Jorgrun resists with almost no effort.
The centaur warrior looks frightened!
Jorgrun mutters some incantations to himself.
Jorgrun casts a spell next to you.
The wall shatters!
The blast of rock fragments hits you!!
You die...

.#........####§##§...#'..~~~.P..
.#####.....§@§D§§§.......~~~.PP
.....#.....§§§g§§§.......~⌠~..P
.....#....#######........~~~.P
.....#....# #.............
.....#....#######>.g.....PPPPP
.#####........................
.##############+####+.........
.##.............##............
.##.............##......PPPPPP
####.##.###+######...#........
####.##.#....#####...#........
..[.....#.##.#................
........#.##.#................
'####'###<...#'##############'###
.........)..<....................
#........#..##..#...##..#........


You could see Jorgrun and a fire dragon.

Vanquished Creatures
  A vault guard (D:13)
  Harold (D:9)
  4 centaur warriors
  2 two-headed ogres
  An orc knight (D:11)
  A manticore (D:11)
  7 cyclopes
  Joseph (D:8)
  2 gargoyles
  Psyche (D:8)
  A kobold demonologist (D:14)
  2 komodo dragons
  2 tengu conjurers (D:14)
  A wind drake (shapeshifter) (D:8)
  A merfolk (shapeshifter) (D:10)
  5 trolls
  Prince Ribbit (D:5)
  2 wraiths
  A vampire (D:11)
  A yak (shapeshifter) (D:14)
  A hog (shapeshifter) (D:14)
  2 basilisks
  A fire bat (D:10)
  19 yaks
  2 steam dragons
  12 vampire mosquitoes
  Edmund (D:5)
  2 acid dragons
  9 orc warriors
  4 ice beasts
  A sky beast (D:7)
  A black bear (D:6)
  2 ogres
  12 centaurs
  2 kobold brigands
  2 elf zombies (D:4)
  6 bullfrogs
  3 gnoll sergeants
  3 elf skeletons (D:4)
  26 killer bees
  9 howler monkeys
  A jelly (D:6)
  4 hounds
  2 human zombies (D:4)
  9 orc priests
  A gnoll bouda (D:7)
  2 sleepcaps (D:8)
  3 human skeletons (D:4)
  5 iguanas
  Natasha (thrice) (D:2)
  6 orc wizards
  8 mummies (Ossuary)
  Robin (D:2)
  14 gnolls
  10 adders
  A river rat (D:5)
  A shadow imp (D:7)
  A white imp (D:5)
  An ufetubus (D:7)
  A worm (D:4)
  3 dart slugs
  49 orcs
  7 bats
  12 endoplasms
  10 giant cockroaches
  16 goblins
  10 hobgoblins
  11 jackals
  12 kobolds
  12 quokkas
  12 ball pythons
  14 frilled lizards
  2 gnoll zombies (Ossuary)
  2 hobgoblin zombies (Ossuary)
  2 kobold zombies (Ossuary)
  3 orc zombies
  11 rats
420 creatures vanquished.

Vanquished Creatures (collateral kills)
  2 boulder beetles
  A shadow wraith (D:13)
  3 fire bats (D:10)
  A hell hound (D:10)
  2 lava snakes (D:10)
  3 fire vortices (D:10)
12 creatures vanquished.

Vanquished Creatures (others)
  971 foxfires
  4 fungi (D:14)
  6 plants (D:9)
  A snaplasher vine (D:14)
982 creatures vanquished.

Grand Total: 1414 creatures vanquished

Notes
Turn   | Place    | Note
-------+----------+-------------------------------------------
     0 | D:1      | belt the Djinni Fire Elementalist began the quest for the
                  | Orb.
     0 | D:1      | belt set off with the following spells memorised: Foxfire,
                  | Scorch, Kindle Blastsparks, Inner Flame, Flame Wave.
     0 | D:1      | Reached XP level 1. HP: 15/15 MP: 0/0
   154 | D:1      | Reached XP level 2. HP: 19/21 MP: 0/0
   338 | D:1      | Found a faded altar of an unknown god.
   384 | D:1      | Reached XP level 3. HP: 24/25 MP: 0/0
   384 | D:1      | Learned a level 1 spell: Sting
  1520 | D:2      | Reached XP level 4. HP: 24/31 MP: 0/0
  1717 | D:2      | Noticed Natasha
  1724 | D:2      | Killed Natasha
  1737 | D:2      | Noticed Natasha
  1742 | D:2      | Killed Natasha
  1743 | D:2      | Reached XP level 5. HP: 24/35 MP: 0/0
  1743 | D:2      | Learned a level 2 spell: Momentum Strike
  1874 | D:2      | Noticed Natasha
  1882 | D:2      | Killed Natasha
  2026 | D:2      | Noticed Robin
  2036 | D:2      | Killed Robin
  2866 | D:3      | Identified the +8 dagger "Xiguem" {heavy, rF+ Will+}
  3114 | D:4      | Reached XP level 6. HP: 31/40 MP: 0/0
  3194 | D:4      | Reached skill level 5 in Spellcasting
  3224 | D:4      | Found a sand-covered staircase.
  3304 | Ossuary  | Entered an ossuary
  3369 | Ossuary  | Reached XP level 7. HP: 25/46 MP: 0/0
  3369 | Ossuary  | Learned a level 3 spell: Ignite Poison
  3372 | Ossuary  | Reached skill level 1 in Fighting
  3754 | D:4      | Reached skill level 2 in Fighting
  3943 | D:4      | Reached skill level 3 in Fighting
  4025 | D:4      | Reached XP level 8. HP: 41/58 MP: 0/0
  4089 | D:4      | Reached skill level 4 in Fighting
  4929 | D:4      | Found an opulent altar of Gozag.
  5008 | D:4      | Found a bloodstained altar of Trog.
  5034 | D:4      | Found a broken altar of Ashenzari.
  5156 | D:4      | Reached skill level 5 in Fighting
  5271 | D:5      | Entered Level 5 of the Dungeon
  5304 | D:5      | Noticed Edmund
  5424 | D:5      | Noticed Prince Ribbit
  5425 | D:5      | Killed Edmund
  5426 | D:5      | Reached skill level 6 in Fighting
  5541 | D:5      | Killed Prince Ribbit
  5542 | D:5      | Reached XP level 9. HP: 27/66 MP: 0/0
  5542 | D:5      | Learned a level 3 spell: Teleport Other
  5731 | D:5      | Found a glowing drain.
  5802 | Sewer    | Entered a sewer
  6506 | D:5      | Found a shimmering altar of Xom.
  6521 | D:5      | Found a basalt altar of Yredelemnul.
  6556 | D:5      | Found a shadowy altar of Dithmenos.
  6683 | D:5      | Found a runed translucent door.
  6684 | D:5      | Noticed Crazy Yiuf
  6964 | D:6      | Found a blossoming altar of Fedhas.
  7041 | D:6      | Found a snail-covered altar of Cheibriados.
  7097 | D:6      | Found an ornate altar of the Wu Jian Council.
  7194 | D:6      | Reached skill level 1 in Armour
  7327 | D:6      | Found a glowing silver altar of Zin.
  7954 | D:7      | Reached skill level 7 in Fighting
  8167 | D:7      | Noticed Maggie
  8788 | D:7      | Found a sacrificial altar of Ru.
  9070 | D:7      | Found a staircase to the Ecumenical Temple.
  9088 | Temple   | Entered the Ecumenical Temple
  9239 | Temple   | Became a worshipper of Makhleb the Destroyer
 10047 | D:8      | Reached skill level 8 in Fighting
 10047 | D:8      | Reached XP level 10. HP: 58/76 MP: 0/0
 10153 | D:8      | Noticed Joseph
 10165 | D:8      | Killed Joseph
 10514 | D:8      | Reached skill level 5 in Armour
 10559 | D:8      | Reached * piety under Makhleb
 10749 | D:8      | Noticed Erica
 10811 | D:8      | Noticed Psyche
 10818 | D:8      | Killed Psyche
 11107 | D:8      | Upgraded the game from 0.30-a0-852-g08b95dd62f to
                  | 0.30-a0-857-gcaf70739d4
 11205 | D:8      | Noticed a centaur warrior
 11206 | D:8      | Reached skill level 5 in Stealth
 11227 | D:8      | Reached XP level 11. HP: 75/82 MP: 0/0
 11227 | D:8      | Learned a level 5 spell: Summon Forest
 11481 | D:8      | Reached skill level 9 in Fighting
 11536 | D:8      | Noticed a centaur warrior
 11554 | D:8      | HP: 4/84 [centaur warrior/arrow (13)]
 11889 | D:9      | Reached ** piety under Makhleb
 12263 | D:9      | Found a staircase to the Lair.
 12317 | D:9      | Noticed Harold
 12322 | D:9      | Killed Harold
 12323 | D:9      | Reached skill level 10 in Fighting
 12349 | D:9      | Noticed a two-headed ogre
 12624 | D:9      | Killed a two-headed ogre
 12625 | D:9      | Reached skill level 11 in Fighting
 13020 | D:9      | Reached *** piety under Makhleb
 13212 | D:9      | Found a sparkling altar of Nemelex Xobeh.
 13371 | D:10     | Entered Level 10 of the Dungeon
 13764 | D:10     | Noticed a death drake
 13767 | D:10     | a death drake changed into a merfolk
 13772 | D:10     | Reached skill level 12 in Fighting
 14114 | D:10     | Found a large runed translucent door.
 14115 | D:10     | Noticed Tollund's ghost (journeyman KoSu)
 14116 | D:10     | Found a large runed translucent door.
 14192 | D:10     | Reached XP level 12. HP: 94/96 MP: 0/0
 14415 | D:10     | Reached skill level 13 in Fighting
 14814 | D:11     | Reached **** piety under Makhleb
 15119 | D:11     | Found a staircase to the Orcish Mines.
 15120 | D:11     | You are sucked into a shaft and drop 2 floors!
 15120 | D:13     | Found a gate to the Vaults.
 15243 | D:13     | Noticed a vault guard
 15246 | D:13     | Noticed a centaur warrior
 15256 | D:13     | HP: 2/99 [troll (3)]
 15465 | D:14     | Noticed a centaur warrior
 15570 | D:14     | Noticed Jorgrun
 15637 | D:14     | Noticed a sixfirhy
 15722 | D:12     | Reached skill level 14 in Fighting
 16506 | D:11     | Reached skill level 15 in Fighting
 16846 | D:8      | Killed a centaur warrior
 16886 | D:8      | Killed a centaur warrior
 17129 | D:12     | Reached XP level 13. HP: 109/109 MP: 0/0
 17129 | D:12     | Learned a level 5 spell: Summon Mana Viper
 17556 | D:12     | Reached skill level 16 in Fighting
 17557 | D:12     | Reached skill level 1 in Invocations
 17845 | D:13     | Killed a centaur warrior
 18126 | D:13     | Killed a vault guard
 18285 | D:13     | Reached ***** piety under Makhleb
 18402 | D:13     | Reached skill level 5 in Invocations
 18856 | D:14     | Noticed a centaur warrior
 18860 | D:14     | Killed a centaur warrior
 19072 | D:14     | Reached skill level 17 in Fighting
 19227 | D:14     | Noticed a fire dragon
 19244 | D:14     | Killed from afar by Jorgrun

Illustrated notes

Levels and vault maps discovered:
D:1:      dpeg_arrival_leaves_temple_mockup, layout_loops_corners,
          shapermc_ecumenical_altar_starsandcircs
D:2:      layout_basic, uniq_natasha, uniq_robin
D:3:      layout_loops_ring
D:4:      layout_basic, mainiacjoe_overflow_swirl, marbit_many_paths,
          nicolae_ossuary_entry_catacombs
D:5:      layout_rooms, nicolae_overflow_quartered_altars, portal_sewer_entry_c,
          serial_rivers, chequers_serial_rivers_small_3,
          chequers_serial_rivers_micro_d, chequers_serial_rivers_micro_a,
          chequers_serial_rivers_large_a, hangedman_glass_teeth,
          uniq_prince_ribbit1, uniq_crazy_yiuf_cottage, uniq_edmund
D:6:      layout_basic, nicolae_overflow_crystal_walls,
          overflow_temple_1_default, mainiacjoe_overflow_brackets,
          lemuel_doored_altar, lemuel_round_altar
D:7:      layout_basic, lemuel_round_altar, minmay_temple_entry_offerings,
          uniq_maggie
D:8:      minmay_slanted_spiral_squares, layout_cave_pools, enter_bailey_5,
          chequers_serial_rivers_small_b, uniq_psyche, uniq_joseph, uniq_erica
D:9:      layout_loops_ring, nemelex_diamond_rough_becter, lair_entry_dummy,
          kennysheep_nub, minmay_lizard_king, uniq_harold
D:10:     layout_roguey, ebering_ghost_disaster_area, hangedman_incinerator
D:11:     layout_loops_ring, david_orc_5
D:12:     layout_loops_corners
D:13:     layout_cave_pools, david_vaults_4
D:14:     layout_stronghold, gammafunk_ghost_cemetery, serial_park_paths
          [serial_park_minivault_5x5_6], uniq_jorgrun
Temple:   hellmonk_temple_forest_ring

Skill      XL: |  1  2  3  4  5  6  7  8  9 10 11 12 13 |
---------------+----------------------------------------+-----
Spellcasting   | 3 4 5 6 7 8 |  8.0
Fighting       | 3 6 8 12 15 17 | 17.0
Stealth        | 4 5 |  5.0
Armour         | 3 6 |  6.0
Dodging        | 4 |  4.0
Invocations    | 5 |  5.0

Action                     |  1- 3 |  4- 6 |  7- 9 | 10-12 | 13-15 || total
---------------------------+-------+-------+-------+-------+-------++-------
  Melee: Dagger            |       |       |       |     1 |       ||     1
   Cast: Foxfire           |    47 |    76 |   185 |   241 |    48 ||   597
         Scorch            |     5 |    16 |    43 |    79 |    34 ||   177
         Inner Flame       |       |     6 |    74 |   148 |    31 ||   259
         Kindle Blastspark |       |       |     8 |    14 |     2 ||    24
         Flame Wave        |       |       |     1 |     4 |     2 ||     7
         Sting             |       |       |     1 |     8 |       ||     9
         Teleport Other    |       |       |     1 |     2 |     3 ||     6
         Summon Forest     |       |       |       |     3 |     5 ||     8
    Use: Scroll            |       |     2 |     5 |    18 |     5 ||    30
         Potion            |       |       |       |     5 |     3 ||     8
 Armour: Robe              |       |     2 |    10 |     9 |       ||    21
         Troll leather arm |       |       |       |    42 |    11 ||    53
         Skin              |       |       |       |     6 |       ||     6
  Dodge: Dodged            |     8 |     6 |    20 |    90 |    43 ||   167

Table legend: (Time is in decaauts)
 A = Elapsed time spent in this place.
 B = Non-inter-level travel time spent in this place.
 C = Inter-level travel time spent in this place.
 D = Time resting spent in this place.
 E = Time spent auto-exploring this place.
 F = Levels seen in this place.
 G = Mean time per level.
                   A        B        C        D        E       F      G
               +--------+--------+--------+--------+--------+-----+--------+
         Total |  19309 |  17936 |   1373 |   3981 |   9753 |  17 | 1135.8 |
       Dungeon |  18393 |  17046 |   1347 |   3838 |   9259 |  14 | 1313.8 |
        Temple |    166 |    140 |     26 |      0 |    130 |   1 |  166.0 |
         Sewer |    450 |    450 |      0 |     30 |    259 |   1 |  450.0 |
       Ossuary |    297 |    297 |      0 |    113 |    105 |   1 |  297.0 |
               +--------+--------+--------+--------+--------+-----+--------+

Top non-repeatable levels by time:
     D:4: 2015 daAuts
     D:7: 1863 daAuts
     D:6: 1680 daAuts
     D:9: 1607 daAuts
    D:12: 1503 daAuts
     D:8: 1483 daAuts
    D:10: 1299 daAuts
     D:1: 1207 daAuts
     D:2: 1123 daAuts
     D:5: 973 daAuts
    D:13: 950 daAuts
    D:11: 946 daAuts
    D:14: 919 daAuts
     D:3: 819 daAuts
   Sewer: 450 daAuts
